 Dungeon Crawl Stone Soup version 0.22-a0-91-g23542c2 (webtiles) character file.

32 GrunderHorse the Conjurer (level 3, 21/21 HPs)
             Began as an Octopode Conjurer on Jan 22, 2018.
             Quit the game on level 2 of the Dungeon.
             The game lasted 00:04:01 (1192 turns).

GrunderHorse the Conjurer (Octopode Conjurer)       Turns: 1192, Time: 00:04:01

Health: 21/21      AC:  1    Str:  7    XL:     3   Next: 27%
Magic:  3/6        EV: 13    Int: 18    God:
Gold:   35         SH:  0    Dex: 12    Spells: 0/6 levels left

rFire    . . .     SeeInvis .   g - +3 dagger (drain)
rCold    . . .     Gourm    .   (no shield)
rNeg     . . .     Faith    .   (helmet restricted)
rPois    .         Spirit   .   (no amulet)
rElec    .         Reflect  .   (no ring)
rCorr    .         Harm     .   (no ring)
MR       .....                  (no ring)
Stlth    +++.......             (no ring)
HPRegen  0.07/turn              (no ring)
MPRegen  0.10/turn              (no ring)
                                (no ring)
                                (no ring)

@: no status effects
A: almost no armour, stealthy swim, amphibious, 8 rings, constrict 8, camouflage
1, gelatinous body 1
a: no special abilities


You were on level 2 of the Dungeon.
You were not hungry.

You visited 1 branch of the dungeon, and saw 2 of its levels.

You collected 35 gold pieces.

Inventory:

Hand Weapons
 f - a +0 club
 g - a +3 dagger of draining (weapon)
Scrolls
 h - a scroll of blinking {unknown}
 j - a scroll of identify {unknown}
Potions
 c - 3 potions of heal wounds {unknown}
 d - a potion of curing {unknown}
 e - a potion of brilliance {unknown}
 k - a potion of ambrosia {unknown}
Books
 a - a book of Conjurations

   Spells                             Type                      Level
   a - Magic Dart                     Conjuration                  1
   b - Searing Ray                    Conjuration                  2
   c - Dazzling Spray                 Conjuration/Hexes            3
   d - Fulminant Prism                Conjuration/Hexes            4
   e - Force Lance                    Conjuration/Translocation    4
   f - Iskenderun's Mystic Blast      Conjuration                  4
Comestibles
 b - a ration
 i - 3 chunks of flesh


   Skills:
 + Level 2.0 Dodging
 + Level 3.0 Stealth
 + Level 2.2 Spellcasting
 + Level 4.8 Conjurations


You couldn't memorise any spells.
You knew the following spells:

 Your Spells              Type           Power        Failure   Level  Hunger
a - Magic Dart            Conj           ###.         2%          1    #......
b - Searing Ray           Conj           ###...       3%          2    ###....
c - Dazzling Spray        Conj/Hex       ##....       21%         3    ###....


Dungeon Overview and Level Annotations

Branches:
Dungeon (2/15)

Altars:


Innate Abilities, Weirdness & Mutations

You cannot wear most types of armour.
You are very stealthy in the water. (Stealth+)
You are amphibious.
You can wear up to eight rings at the same time.
You can use your tentacles to constrict eight enemies at once.
Your skin changes colour to match your surroundings (Stealth+).
Your rubbery body absorbs attacks. (AC +1, EV +1)


Message History

Aiming: Magic Dart
Press: ? - help, Shift-Dir - straight line, f/p - hobgoblin
Aim: a hobgoblin, wielding a club (lightly wounded)
The magic dart hits the hobgoblin.
The hobgoblin is almost dead.
Casting: Magic Dart
Confirm with . or Enter, or press ? or * to list all spells.
Aiming: Magic Dart
Press: ? - help, Shift-Dir - straight line, f/p - hobgoblin
Aim: a hobgoblin, wielding a club (almost dead)
The magic dart hits the hobgoblin.
You kill the hobgoblin!
Found a stone staircase leading down.
Things that are here:
a club; a hobgoblin corpse Unknown command.
Unknown command.
Are you sure you want to abandon this character and quit the game? (Confirm with "yes".)
Okay, then.
Are you sure you want to abandon this character and quit the game? (Confirm with "yes".)

.#. ..# .. # .. >.
.###. #.. .### ....
#... ..#... ...#
#.#.# .... #@..#
..#.###.### #.#.....#
#.###.### #.###.# +#
#######.....###
.###.................
..#.......###.######.
.###.####.# #.#


There were no monsters in sight!

Vanquished Creatures
  An adder (D:2)
  A dart slug (D:2)
  4 bats
  2 giant cockroaches
  4 goblins
  3 hobgoblins
  A ball python (D:1)
  4 kobolds (D:1)
20 creatures vanquished.

Notes
Turn   | Place    | Note
-------+----------+-------------------------------------------
     0 | D:1      | GrunderHorse the Octopode Conjurer began the quest for the Orb.
     0 | D:1      | Reached XP level 1. HP: 11/11 MP: 3/3
   345 | D:1      | Reached XP level 2. HP: 17/17 MP: 1/5
   349 | D:1      | Learned a level 2 spell: Searing Ray
  1070 | D:2      | Reached XP level 3. HP: 21/21 MP: 3/6
  1156 | D:2      | Learned a level 3 spell: Dazzling Spray
  1192 | D:2      | Quit the game

Vault maps used:
D:1:      minmay_arrival_hallway
D:2:      gammafunk_temple_overflow_wave, first_ration, tso_altar

Skill      XL: |  1  2 |
---------------+-------+-----
Stealth        | 3 |  3.0
Dodging        | |  2.0
Spellcasting   | |  2.2
Conjurations   | |  4.8

Action                   || total
-------------------------++-------
Melee: Dagger            ||     1
       Constrict         ||     1
 Cast: Magic Dart        ||    35
  Eat: Chunk             ||     1
Dodge: Dodged            ||     1

Table legend:
 A = Spawn XP
 B = Non-spawn XP
 C = Spawn XP percentage of total XP
 D = Spawn monster count
 E = Non-spawn monster count
 F = Spawn count percentage of total count
 G = Total turns spent on level
                    A         B        C        D         E        F      G
               +---------+---------+-------+---------+---------+-------+---------
         Total |       0 |      47 |   0.0 |       0 |      20 |   0.0 |  1192
               +---------+---------+-------+---------+---------+-------+---------
           D:1 |       0 |      21 |   0.0 |       0 |      13 |   0.0 |   912
           D:2 |       0 |      26 |   0.0 |       0 |       7 |   0.0 |   280
               +---------+---------+-------+---------+---------+-------+---------
